 Dungeon Crawl Stone Soup version 0.29.0-7-g18a832c13a (webtiles) character file.

Game seed: 6679136175427414232

1433 night the Conjurer (level 8, -1/60 HPs)
             Began as a Gnoll Conjurer on Aug 31, 2022.
             Was a Priest of Cheibriados.
             Slain by a wyvern (9 damage)
             ... on level 7 of the Dungeon.
             The game lasted 00:15:04 (7841 turns).

night the Conjurer (Gnoll Conjurer)                 Turns: 7841, Time: 00:15:04

Health: -1/60      AC:  2    Str: 15    XL:     8   Next: 73%
Magic:  0/17       EV: 15    Int: 28    God:    Cheibriados [***...]
Gold:   79         SH:  0    Dex: 18    Spells: 8/19 levels left

rFire   . . .      SeeInvis +   f - +2 dagger (venom)
rCold   . . .      Faith    .   (no shield)
rNeg    . . .      Spirit   .   a - +0 robe
rPois   .          Reflect  .   (no helmet)
rElec   .          Harm     .   (no cloak)
rCorr   .          Rampage  .   (no gloves)
Will    .....                   (no boots)
Stlth   +++.......              i - amulet of magic regeneration
HPRegen 0.20/turn               g - ring of see invisible
MPRegen 0.15/turn               (no ring)

@: very slow
A: fangs 1, strong nose, distributed training
a: Renounce Religion, Bend Time, Temporal Distortion


You were on level 7 of the Dungeon.
You worshipped Cheibriados.
Cheibriados was most pleased with you.
You visited 2 branches of the dungeon, and saw 9 of its levels.
You also visited: Sewer.

You collected 274 gold pieces.
You spent 195 gold pieces at shops.

Inventory:

Hand Weapons
 c - a +0 mace
 f - a +2 dagger of venom (weapon)
 y - the +7 sling of the Dwarven Hall {speed, rC+ rN+ Will+ Int+2}
   (You bought it in a shop on level 1 of the Dungeon)

   Attacks with this weapon are significantly faster.
   Int:       It affects your intelligence (+2).
   rC:        It protects you from cold.
   rN:        It protects you from negative energy.
   Will:      It increases your willpower.
   Cheibriados disapproves of the use of such an item.
Missiles
 j - 44 stones
Armour
 a - a +0 robe (worn)
Jewellery
 g - a ring of see invisible (left hand)
 i - an amulet of magic regeneration (around neck)
 o - an amulet of faith
 F - the amulet "Afougax" {Acrobat rC+ MP+9 Dex+2}
   (You acquired it on level 6 of the Dungeon)

   [amulet of the acrobat]

   It increases your evasion while moving and waiting.
   Dex:       It affects your dexterity (+2).
   rC:        It protects you from cold.
   MP:        It affects your magic capacity (+9).
Wands
 u - a wand of digging (15)
 D - a wand of flame (21)
Scrolls
 d - 4 scrolls of fear
 h - 4 scrolls of teleportation {unknown}
 l - 3 scrolls of identify
 m - 2 scrolls of vulnerability
 n - 5 scrolls of magic mapping {unknown}
 p - a scroll of torment {unknown}
 r - 2 scrolls of enchant weapon {unknown}
 s - a scroll of enchant armour {unknown}
 t - 3 scrolls of fog {unknown}
 w - a scroll of immolation {unknown}
 x - a scroll of poison {unknown}
 E - 2 scrolls of blinking {unknown}
 H - a scroll of noise {unknown}
Potions
 b - 4 potions of magic
 e - 2 potions of attraction
 k - 2 potions of mutation
 q - 2 potions of heal wounds
 v - 5 potions of flight
 z - a potion of brilliance
 A - 2 potions of ambrosia {unknown}
 B - a potion of haste {unknown}
 C - a potion of curing {unknown}


   Skills:
 + Level 3.6 Fighting
 + Level 3.6 Short Blades
 + Level 3.6 Long Blades
 + Level 3.6 Axes
 + Level 3.6 Maces & Flails
 + Level 3.6 Polearms
 + Level 3.6 Staves
 + Level 3.6 Ranged Weapons
 + Level 3.6 Throwing
 + Level 3.6 Armour
 + Level 5.9 Dodging
 + Level 5.6 Stealth
 + Level 3.6 Shields
 + Level 3.6 Unarmed Combat
 + Level 6.2 Spellcasting
 + Level 7.8 Conjurations
 + Level 3.0 Hexes
 + Level 3.0 Summonings
 + Level 3.0 Necromancy
 + Level 3.0 Translocations
 + Level 3.0 Transmutations
 + Level 3.0 Fire Magic
 + Level 3.0 Ice Magic
 + Level 3.0 Air Magic
 + Level 3.0 Earth Magic
 + Level 3.0 Poison Magic
 + Level 4.0 Invocations
 + Level 3.6 Evocations


You had 8 spell levels left.
You knew the following spells:

 Your Spells              Type           Power      Damage    Failure   Level
a - Magic Dart            Conj           100%       1d8       1%          1
b - Searing Ray           Conj           100%       2d8       1%          2
c - Iskenderun's Mystic   Conj/Tloc      39%        2d9       6%          4
d - Fulminant Prism       Conj/Hex       19%        3d11      6%          4

Your spell library contained the following spells:

 Spells                   Type           Power      Damage    Failure   Level
 Summon Small Mammal      Summ           100%       N/A       1%          1
 Dazzling Flash           Conj/Hex       78%        N/A       1%          3
 Ensorcelled Hibernation  Hex/Ice        50%        N/A       2%          2
 Passwall                 Tmut/Erth      20%        N/A       2%          2
 Mephitic Cloud           Conj/Pois/Air  34%        N/A       2%          3
 Call Canine Familiar     Summ           25%        N/A       4%          3
 Gell's Gravitas          Tloc           25%        N/A       4%          3
 Ignite Poison            Fire/Tmut/Pois 25%        N/A       4%          3
 Lesser Beckoning         Tloc           25%        N/A       4%          3
 Ozocubu's Armour         Ice            25%        N/A       4%          3
 Summon Guardian Golem    Hex/Summ       25%        N/A       4%          3
 Swiftness                Air            25%        N/A       4%          3
 Teleport Other           Tloc           25%        N/A       4%          3
 Freezing Cloud           Conj/Ice/Air   17%        6-21      24%         5
 Metabolic Englaciation   Hex/Ice        12%        N/A       43%         5
 Simulacrum               Ice/Necr       12%        N/A       95%         6


Dungeon Overview and Level Annotations

Branches:
Dungeon (8/15)             Temple (1/1) D:4           Sewer (visited)
   Lair: D:8-11

Altars:
Ashenzari
Cheibriados
Dithmenos
Elyvilon
Gozag
Hepliaklqana
Kikubaaqudgha
Makhleb
Nemelex Xobeh
Okawaru
Qazlal
Sif Muna
Trog
Uskayaw
Vehumet
Xom
Zin
The Shining One

Shops:
D:1 (


Innate Abilities, Weirdness & Mutations

You have very sharp teeth.
Your uncanny sense of smell can sniff out nearby items.
Your experience applies equally to all skills.


Message History

You continue putting on your amulet of magic regeneration. x5
The wyvern bites you!
You finish putting on your amulet of magic regeneration.
The amulet cannot attune itself to your exhausted body.
i - an amulet of magic regeneration (around neck)
Aiming: Corrosive Bolt
Press: ? - help, Shift-Dir - straight line, f - wyvern
Aim: a wyvern (74% to hit)
The bolt of acid hits the wyvern!
The acid corrodes the wyvern!
The wyvern is severely wounded.
The now-empty wand crumbles to dust.
The wyvern barely misses you. The wyvern bites you!!
* * * LOW HITPOINT WARNING * * *
You don't have any such object.
Evoke which item? (* to show all) (? for menu, Esc to quit)
You don't have any such object.
Evoke which item? (* to show all) (? for menu, Esc to quit)
Okay, then.
Okay, then.
Casting: Iskenderun's Mystic Blast (dangerous; 6% risk of failure)
Confirm with . or Enter, or press ? or * to list all spells.
Aiming: Magic Dart (safe; 1% risk of failure)
Press: ? - help, Shift-Dir - straight line, f/p - wyvern
Aim: a wyvern (severely wounded, covered in acid, 100% to hit)
The magic dart hits the wyvern.
The wyvern is almost dead.
The wyvern barely misses you.
You barely miss the wyvern.
The wyvern is almost dead.
The wyvern bites you!
* * * LOW HITPOINT WARNING * * *
Okay, then.
Okay, then.
Aiming: Throw Flame
Press: ? - help, Shift-Dir - straight line, f/p - wyvern
Aim: a wyvern (almost dead, covered in acid, 71% to hit)
The puff of flame hits the wyvern.
The wyvern is almost dead.
The wyvern bites you!
You die...

###.# ..... ...
###.#.###... ...
#.....##..##...
#.....#...#.#
##...........#
#............#...
#.#.l....<.......
###.............>
#@#.†............
#(l).##..........
#..).....##......
##††....(........
∆
.)).)..........#.
...#............##
.......[...####
#..._......#
............


You could see a wyvern (corroded).

Vanquished Creatures
  An ice beast (D:5)
  2 ogres
  A sky beast (D:6)
  A gnoll sergeant (D:7)
  3 scorpions
  A necrophage (D:7)
  A hound (D:4)
  A jelly (D:5)
  2 orc priests (D:4)
  Ijyb (D:3)
  6 iguanas
  3 orc wizards
  3 gnolls (D:7)
  16 adders
  5 river rats
  2 shadow imps
  2 white imps
  3 ufetubi
  2 dart slugs
  14 orcs
  12 ball pythons
  9 bats
  4 endoplasms
  6 giant cockroaches
  7 goblins
  7 hobgoblins
  4 jackals
  8 kobolds
  3 quokkas
  6 frilled lizards
  2 rats (D:4)
138 creatures vanquished.

Vanquished Creatures (others)
  An orc wizard (D:4)
  7 fulminant prisms
8 creatures vanquished.

Grand Total: 146 creatures vanquished

Notes
Turn   | Place    | Note
-------+----------+-------------------------------------------
     0 | D:1      | night the Gnoll Conjurer began the quest for the Orb.
     0 | D:1      | Reached XP level 1. HP: 13/13 MP: 6/6
   197 | D:1      | Reached XP level 2. HP: 18/19 MP: 3/7
   200 | D:1      | Learned a level 2 spell: Searing Ray
   260 | D:1      | Found Xulej's Antique Weapon Shop.
  1167 | D:2      | Reached skill level 5 in Spellcasting
  1167 | D:2      | Reached XP level 3. HP: 25/25 MP: 6/9
  1292 | D:2      | Reached skill level 1 in Invocations
  1499 | D:2      | Reached skill level 1 in Fighting
  1499 | D:2      | Reached skill level 1 in Short Blades
  1499 | D:2      | Reached skill level 1 in Long Blades
  1499 | D:2      | Reached skill level 1 in Axes
  1499 | D:2      | Reached skill level 1 in Maces & Flails
  1499 | D:2      | Reached skill level 1 in Polearms
  1499 | D:2      | Reached skill level 1 in Staves
  1499 | D:2      | Reached skill level 1 in Ranged Weapons
  1499 | D:2      | Reached skill level 1 in Throwing
  1499 | D:2      | Reached skill level 1 in Armour
  1499 | D:2      | Reached skill level 1 in Shields
  1499 | D:2      | Reached skill level 1 in Unarmed Combat
  1499 | D:2      | Reached skill level 1 in Evocations
  1621 | D:2      | Reached XP level 4. HP: 32/32 MP: 7/11
  2233 | D:2      | Learned a level 4 spell: Iskenderun's Mystic Blast
  2238 | D:2      | Learned a level 4 spell: Fulminant Prism
  2451 | D:3      | Reached skill level 1 in Hexes
  2451 | D:3      | Reached skill level 1 in Summonings
  2451 | D:3      | Reached skill level 1 in Necromancy
  2451 | D:3      | Reached skill level 1 in Translocations
  2451 | D:3      | Reached skill level 1 in Transmutations
  2451 | D:3      | Reached skill level 1 in Fire Magic
  2451 | D:3      | Reached skill level 1 in Ice Magic
  2451 | D:3      | Reached skill level 1 in Air Magic
  2451 | D:3      | Reached skill level 1 in Earth Magic
  2451 | D:3      | Reached skill level 1 in Poison Magic
  2876 | D:3      | Noticed an ogre
  2887 | D:3      | Killed an ogre
  2888 | D:3      | Reached XP level 5. HP: 37/37 MP: 4/12
  2992 | D:3      | Noticed Ijyb
  3000 | D:3      | Killed Ijyb
  3001 | D:3      | Reached skill level 2 in Invocations
  3154 | D:3      | Found a snail-covered altar of Cheibriados.
  3158 | D:3      | Identified a scroll of acquirement
  3158 | D:3      | Acquired an amulet of magic regeneration
  3172 | D:3      | Became a worshipper of Cheibriados the Contemplative
  3256 | D:3      | Found a radiant altar of Vehumet.
  3445 | D:4      | Reached XP level 6. HP: 42/44 MP: 7/13
  3475 | D:4      | Reached skill level 5 in Dodging
  3585 | D:4      | Found a glowing drain.
  3595 | D:4      | Reached skill level 2 in Fighting
  3595 | D:4      | Reached skill level 2 in Short Blades
  3595 | D:4      | Reached skill level 2 in Long Blades
  3595 | D:4      | Reached skill level 2 in Axes
  3595 | D:4      | Reached skill level 2 in Maces & Flails
  3595 | D:4      | Reached skill level 2 in Polearms
  3595 | D:4      | Reached skill level 2 in Staves
  3595 | D:4      | Reached skill level 2 in Ranged Weapons
  3595 | D:4      | Reached skill level 2 in Throwing
  3595 | D:4      | Reached skill level 2 in Armour
  3595 | D:4      | Reached skill level 2 in Shields
  3595 | D:4      | Reached skill level 2 in Unarmed Combat
  3595 | D:4      | Reached skill level 2 in Evocations
  3615 | Sewer    | Entered a sewer
  3686 | Sewer    | Reached * piety under Cheibriados
  4211 | Sewer    | Reached ** piety under Cheibriados
  4562 | D:4      | Found a staircase to the Ecumenical Temple.
  4570 | Temple   | Entered the Ecumenical Temple
  4891 | D:4      | Found an iron altar of Okawaru.
  4919 | D:4      | Reached XP level 7. HP: 50/50 MP: 13/15
  5047 | D:4      | Reached skill level 2 in Hexes
  5047 | D:4      | Reached skill level 2 in Summonings
  5047 | D:4      | Reached skill level 2 in Necromancy
  5047 | D:4      | Reached skill level 2 in Translocations
  5047 | D:4      | Reached skill level 2 in Transmutations
  5047 | D:4      | Reached skill level 2 in Fire Magic
  5047 | D:4      | Reached skill level 2 in Ice Magic
  5047 | D:4      | Reached skill level 2 in Air Magic
  5047 | D:4      | Reached skill level 2 in Earth Magic
  5047 | D:4      | Reached skill level 2 in Poison Magic
  5517 | D:1      | Bought a shimmering sling for 195 gold pieces
  5517 | D:1      | Identified the +7 sling of the Dwarven Hall {speed, rC+ rN+
                  | Will+ Int+2} (You bought it in a shop on level 1 of the
                  | Dungeon)
  5609 | D:5      | Entered Level 5 of the Dungeon
  5657 | D:5      | Reached skill level 5 in Stealth
  6417 | D:5      | Reached XP level 8. HP: 39/58 MP: 8/16
  6981 | D:6      | Acquired the amulet "Afougax" {Acrobat rC+ MP+9 Dex+2}
  7142 | D:6      | Reached *** piety under Cheibriados
  7771 | D:7      | Found a broken altar of Ashenzari.
  7804 | D:8      | Noticed a shadow
  7820 | D:7      | Noticed a wyvern
  7840 | D:7      | HP: 8/60 [wyvern (8)]
  7841 | D:7      | Slain by a wyvern

Illustrated notes

Levels and vault maps discovered:
D:1:      reono_arrival_mine, layout_basic, serial_shops,
          nicolae_shop_temple_entry_statues_fountains, minmay_unequal
D:2:      layout_basic
D:3:      layout_loops_ring, vehumet_crystals, general_overflow_altar,
          grunt_decor_junction, hangedman_decor_lopped,
          amcnicky_mini_pool_small, uniq_ijyb
D:4:      layout_loops_ring, kennysheep_okawaru_gauntlet,
          minmay_temple_entry_grid, portal_sewer_entry_c, grunt_ministairs_12
D:5:      layout_basic, solitary_fountain
D:6:      layout_gridville
D:7:      layout_cave_pools, grunt_temple_overflow_open, minivault_23,
          wad_mini_maze
D:8:      layout_rooms, lair_entry_dummy, minmay_fountain_box
Temple:   eino_temple_water

Skill      XL: |  1  2  3  4  5  6  7  8 |
---------------+-------------------------+-----
Spellcasting   | 5 6 |  6.2
Invocations    | 1 2 3 4 |  4.0
Fighting       | 1 2 3 |  3.6
Short Blades   | 1 2 3 |  3.6
Long Blades    | 1 2 3 |  3.6
Axes           | 1 2 3 |  3.6
Maces & Flails | 1 2 3 |  3.6
Polearms       | 1 2 3 |  3.6
Staves         | 1 2 3 |  3.6
Ranged Weapons | 1 2 3 |  3.6
Throwing       | 1 2 3 |  3.6
Armour         | 1 2 3 |  3.6
Shields        | 1 2 3 |  3.6
Unarmed Combat | 1 2 3 |  3.6
Evocations     | 1 2 3 |  3.6
Hexes          | 1 2 3 |  3.0
Summonings     | 1 2 3 |  3.0
Necromancy     | 1 2 3 |  3.0
Translocations | 1 2 3 |  3.0
Transmutations | 1 2 3 |  3.0
Fire Magic     | 1 2 3 |  3.0
Ice Magic      | 1 2 3 |  3.0
Air Magic      | 1 2 3 |  3.0
Earth Magic    | 1 2 3 |  3.0
Poison Magic   | 1 2 3 |  3.0
Dodging        | 5 |  5.9
Stealth        | 5 |  5.6
Conjurations   | |  7.8

Action                   |  1- 3 |  4- 6 |  7- 9 || total
-------------------------+-------+-------+-------++-------
Melee: Dagger            |     1 |    24 |    27 ||    52
       Punch             |       |     2 |     1 ||     3
       Bite              |       |       |     4 ||     4
 Cast: Magic Dart        |    57 |    66 |    85 ||   208
       Searing Ray       |     2 |    10 |     6 ||    18
       Fulminant Prism   |       |     2 |     5 ||     7
       Iskenderun's Myst |       |     1 |     8 ||     9
Evoke: Wand              |       |       |     2 ||     2
  Use: Potion            |       |     6 |       ||     6
       Scroll            |       |     4 |     1 ||     5
 Stab: Sleeping          |       |     1 |     3 ||     4
Armor: Robe              |     1 |     3 |     2 ||     6
Dodge: Dodged            |     5 |    30 |    29 ||    64
